 Dungeon Crawl Stone Soup version bcrawl-1.21.3 (webtiles) character file.

Game seed: 14487184145865761633

290 Mrkan the Slasher (level 6, -3/55 HPs)
             Began as a Minotaur Fighter on Mar 30, 2020.
             Was a Follower of Okawaru.
             Killed by nerve-wracking pain
             ... invoked by an orc priest
              (5 damage)
             ... on level 4 of the Dungeon.
             The game lasted 00:05:18 (3108 turns).

Mrkan the Slasher (Minotaur Fighter)                Turns: 3108, Time: 00:05:18

Health: -3/55      AC:  7    Str: 21    XL:     6   Next: 9%
Magic:  5/5        EV:  7    Int:  5    God:    Okawaru [*.....]
Gold:   154        SH: 11    Dex: 11    Spells: 5/5 levels left

rFire    . . .     SeeInvis .   a - +0 long sword
rCold    . . .     Gourm    .   c - +0 medium shield
rNeg     . . .     Faith    .   b - +0 scale mail
rPois    .         Spirit   .   (helmet restricted)
rElec    .         Reflect  .   (no cloak)
rCorr    .         Harm     .   (no gloves)
MR       .....                  (no boots)
Stlth    ..........             (no amulet)
HPRegen  0.18/turn              (no ring)
MPRegen  0.09/turn              (no ring)

@: no status effects
A: retaliatory headbutt, horns 2
a: Heroism, Renounce Religion


You were on level 4 of the Dungeon.
You worshipped Okawaru.
Okawaru was aware of your devotion.
You were very hungry.

You visited 1 branch of the dungeon, and saw 4 of its levels.

You collected 154 gold pieces.

Inventory:

Hand Weapons
 a - a +0 long sword (weapon)
Armour
 b - a +0 scale mail (worn)
 c - a +0 medium shield (worn)
 m - a +0 large shield
Jewellery
 l - an uncursed ring of fire {unknown}
 r - a cursed -2 ring of intelligence {unknown}
Wands
 n - a wand of flame (11)
Scrolls
 f - 2 scrolls of amnesia {unknown}
 g - a scroll of enchant weapon {unknown}
 h - 6 scrolls of teleportation {unknown}
 p - 3 scrolls of remove curse {unknown}
 q - 3 scrolls of magic mapping {unknown}
Potions
 d - 2 potions of might
 i - a potion of magic {unknown}
 j - 3 potions of haste {unknown}
 k - a potion of agility {unknown}
 o - 3 potions of curing {unknown}
 s - a potion of brilliance {unknown}
 t - 2 potions of ambrosia {unknown}
 u - a potion of degeneration {unknown}
Comestibles
 e - 5 rations {!d}


   Skills:
 + Level 4.9 Fighting
 * Level 5.2 Long Blades
 + Level 4.9 Armour
 + Level 4.9 Shields


You had 5 spell levels left.
You didn't know any spells.
Your spell library was empty.

Dungeon Overview and Level Annotations

Branches:
Dungeon (4/12)
 Temple: D:4-7

Altars:
Elyvilon
Okawaru
Sif Muna
Uskayaw

Annotations:
D:3 Grinder


Innate Abilities, Weirdness & Mutations

You reflexively headbutt those who attack you in melee.
You have a pair of horns on your head.


Message History

You start resting.
A giant cockroach comes into view.
A giant cockroach is nearby!
An orc priest comes into view. It is wielding a +0 dagger.
You block the giant cockroach's attack.
You completely miss the giant cockroach.
The giant cockroach bites you but does no damage.
The orc priest calls down the wrath of Beogh upon you.
Beogh smites you!
* * * LOW HITPOINT WARNING * * *
You closely miss the giant cockroach.
Your headbutt misses the giant cockroach.
The giant cockroach bites you but does no damage.
You barely miss the giant cockroach. The giant cockroach barely misses you.
You furiously retaliate!
You headbutt the giant cockroach!
You kill the giant cockroach!
Okawaru accepts your kill.
The orc priest invokes the aid of Beogh against you.
Pain shoots through your body!
You die...

...... ......
.....
.o..############
#...............
#....<..........
#...............
#...@...........
#...............
#...............
#..........(....
#.......<.......
#...............
#####+####......
...... .....


You could see an orc priest.

Vanquished Creatures
  A scorpion (D:3)
  A crimson imp (D:3)
  A hound (D:2)
  2 orc wizards (D:3)
  4 adders (D:3)
  An ooze (D:3)
  An adder skeleton (D:4)
  5 worms
  A dart slug (D:2)
  6 leopard geckos
  3 orcs (D:3)
  5 giant cockroaches
  4 goblins
  8 hobgoblins
  6 bats
  5 frilled lizards
  7 kobolds
  4 rats
65 creatures vanquished.

Notes
Turn   | Place    | Note
-------+----------+-------------------------------------------
     0 | D:1      | Mrkan the Minotaur Fighter began the quest for the Orb.
     0 | D:1      | Reached XP level 1. HP: 19/19 MP: 0/0
   322 | D:1      | Reached XP level 2. HP: 21/27 MP: 1/1
   514 | D:1      | Reached skill level 3 in Long Blades
  1088 | D:2      | Reached XP level 3. HP: 23/33 MP: 2/2
  1220 | D:2      | Found a shimmering blue altar of Sif Muna.
  1220 | D:2      | Found an iron altar of Okawaru.
  1254 | D:2      | Became a worshipper of Warmaster Okawaru
  1461 | D:2      | Reached XP level 4. HP: 36/40 MP: 3/3
  2019 | D:3      | Reached skill level 4 in Long Blades
  2239 | D:3      | Found an iron altar of Okawaru.
  2417 | D:3      | Reached XP level 5. HP: 47/47 MP: 4/4
  2549 | D:3      | Found a white marble altar of Elyvilon.
  2601 | D:3      | Found a hide-covered altar of Uskayaw.
  2785 | D:3      | Reached * piety under Okawaru
  2785 | D:3      | Reached skill level 5 in Long Blades
  2867 | D:4      | Noticed Grinder
  2870 | D:4      | Paralysed by Grinder for 3 turns
  3065 | D:3      | Reached XP level 6. HP: 48/55 MP: 5/5
  3105 | D:4      | HP: 1/55 [orc priest/divine providence (15)]
  3108 | D:4      | Killed from afar by an orc priest

Skill      XL: |  1  2  3  4  5 |
---------------+----------------+-----
Long Blades    | 3 4 5 |  5.2
Fighting       | 4 |  4.9
Armour         | 4 |  4.9
Shields        | 4 |  4.9

Action                   |  1- 3 |  4- 6 || total
-------------------------+-------+-------++-------
Melee: Long sword        |    82 |   124 ||   206
       Headbutt          |     8 |    15 ||    23
  Eat: Chunk             |     2 |     4 ||     6
Armor: Scale mail        |    52 |    42 ||    94
Dodge: Dodged            |    27 |    37 ||    64
Block: Medium shield     |    49 |    58 ||   107
